 Dungeon Crawl Stone Soup version 0.19-a0-1008-g4c63d25 (webtiles) character file.

178 mistymad the Skirmisher (level 5, -1/47 HPs)
             Began as a Ghoul Monk on July 22, 2016.
             Rotted away (potion of beneficial mutation)
             ... on level 4 of the Dungeon.
             The game lasted 00:05:57 (3041 turns).

mistymad the Skirmisher (Ghoul Monk)                Turns: 3041, Time: 00:05:58

Health: -1/47      AC:  9    Str: 14 (16) XL:     5   Next: 58%
Magic:  4/4        EV: 11    Int:  2 (5)  God:
Gold:   124        SH:  0    Dex: 10 (11) Spells: 0 memorised, 4 levels left

rFire  . . .     SeeInvis .     a - +0 mace
rCold  + + .     Gourm    .     o - +0 ring mail
rNeg   + + +     Faith    .     (no shield)
rPois  ∞         Spirit   .     (no helmet)
rElec  .         Dismiss  .     (no cloak)
rCorr  .         Reflect  .     l - +0 pair of gloves
SustAt .         Harm     .     f - +0 pair of boots
MR     .....                    (no amulet)
Stlth  +.........               w - ring of protection from cold
                                m - +2 ring of protection

@: rotting, not resistant to hostile enchantments, very unstealthy
A: rotting body, claws 1, carnivore 3, cold resistance 1, negative energy
resistance 3, slow regeneration 1, torment resistance, unbreathing
a: no special abilities


You were on level 4 of the Dungeon.
You were not hungry.

You visited 1 branch of the dungeon, and saw 4 of its levels.

You collected 124 gold pieces.

Inventory:

Hand Weapons
 a - a +0 mace (weapon)
Armour
 f - a +0 pair of boots (worn)
 l - a +0 pair of gloves (worn)
 o - a +0 ring mail (worn)
Jewellery
 m - a +2 ring of protection (left hand)
 w - a ring of protection from cold (right hand)
 A - an uncursed ring of protection from cold
Scrolls
 g - a scroll of immolation {unknown}
 h - a scroll of enchant weapon {unknown}
 i - a scroll of amnesia {unknown}
 j - 3 scrolls of remove curse {unknown}
 n - a scroll of fear {unknown}
 q - 4 scrolls of identify {unknown}
 r - 2 scrolls of teleportation {unknown}
 t - a scroll of enchant armour {unknown}
 v - a scroll of random uselessness {unknown}
 y - a scroll of noise {unknown}
Potions
 b - a potion of beneficial mutation
 k - 4 potions of curing
 z - a potion of degeneration
Comestibles
 c - 3 meat rations
 d - a beef jerky
 p - a slice of pizza
 x - a royal jelly


   Skills:
 + Level 4.7 Fighting
 + Level 3.8 Maces & Flails
 + Level 2.5 Armour
 - Level 2.6 Dodging
 - Level 2.1 Stealth


You had 4 spell levels left.
You didn't know any spells.

Dungeon Overview and Level Annotations

Branches:
Dungeon (4/15)
 Temple: D:4-7

Altars:
Xom
Yredelemnul


Innate Abilities, Weirdness & Mutations

Your body is rotting away.
You thrive on raw meat.
You are immune to poison.
You have sharp fingernails.
You are carnivorous and can eat meat at any time.
Your flesh is cold resistant. (rC+)
You are immune to negative energy. (rN+++)
You regenerate slowly when monsters are visible.
You are immune to unholy pain and torment.
You can survive without breathing.


Message History

You feel weakened.
You feel dopey.
You feel clumsy. The orc wizard closely misses you. The orc priest misses you.
The orc wizard miscasts a cantrip.
The orc wizard hits you with a dagger.
* * * LOW HITPOINT WARNING * * *
You take 1 damage, and have 2/47 hp.
It was a potion of cancellation.
Your magical effects are unravelling.
You feel magically purged.
You feel yourself speed up.
You float gracefully downwards.
The orc wizard hits you with a dagger.
* * * LOW HITPOINT WARNING * * *
The orc priest hits you but does no damage.
The orc wizard casts a spell at you. The puff of flame misses you.
The orc wizard closely misses you. The orc priest closely misses you.
The orc wizard looks braver for a moment.
It was a potion of beneficial mutation.
Your body decomposes!
You die...

#.#######....#.#.
#.8...>_#....#.#.
########.#######....#)#.
#......#..............#.
#......##>...+..........
#......##....##.......#.
#.......#....##.........
#.....oo#.#########.#.##
#'##@#.# #........##
#####.##o#.# #........#
#o..o.##o#.# #........#
######.######.#.# #........##
#......oo.....#.# #........#.
###.##.########.####........#.
#(##..........#...#+#####.#.
#.#############.#.#.# #.## #.#
#.......#.#.#.# #...


You could see an orc priest and 3 orc wizards.

Vanquished Creatures
  A hound (D:4)
  5 adders
  An ooze (D:2)
  An adder skeleton (D:4)
  4 worms
  2 dart slugs (D:1)
  A giant gecko (D:2)
  4 orcs
  2 ball pythons (D:1)
  5 giant cockroaches
  8 goblins
  7 hobgoblins
  2 quokkas
  11 bats
  8 giant newts
  7 kobolds
  A quokka skeleton (D:4)
  9 rats
79 creatures vanquished.

Notes
Turn   | Place    | Note
-------+----------+-------------------------------------------
     0 | D:1      | mistymad the Ghoul Monk began the quest for the Orb.
     0 | D:1      | Reached XP level 1. HP: 19/19 MP: 0/0
   267 | D:1      | Reached XP level 2. HP: 15/26 MP: 1/1
   439 | D:1      | Reached skill level 1 in Armour
   649 | D:1      | Reached XP level 3. HP: 32/33 MP: 2/2
  1019 | D:2      | Reached skill level 4 in Fighting
  1059 | D:2      | Reached XP level 4. HP: 37/40 MP: 3/3
  2326 | D:4      | Reached XP level 5. HP: 35/47 MP: 4/4
  2398 | D:4      | Identified Sif Muna's Almanac of Mutagenic Evil
  2424 | D:4      | Found a shimmering altar of Xom.
  2845 | D:4      | Found a basalt altar of Yredelemnul.
  3039 | D:4      | HP: 2/47 [orc wizard/dagger (1)]
  3041 | D:4      | Rotted away (potion of beneficial mutation)

Vault maps used:
D:1:      scummos_arrival_gate, st_stairs_7, minmay_shallow_snake_nest
D:2:      first_bread
D:3:      kennysheep_generic_room_9
D:4:      marbit_many_paths, lemuel_statue_altar

Skill      XL: |  1  2  3  4 |
---------------+-------------+-----
Maces & Flails | 3 |  3.8
Armour         | 1 2 |  2.5
Fighting       | 4 |  4.7
Dodging        | |  2.6
Stealth        | |  2.1

Action                   |  1- 3 |  4- 6 || total
-------------------------+-------+-------++-------
Melee: Mace              |   138 |   205 ||   343
  Use: Potion            |       |     6 ||     6
  Eat: Chunk             |    13 |    13 ||    26
Armor: Robe              |    63 |    10 ||    73
       Ring mail         |       |    72 ||    72
       Leather armour    |       |    14 ||    14
Dodge: Dodged            |   108 |   165 ||   273
